 Dungeon Crawl Stone Soup version 0.26-b1-32-g5d43845318 (webtiles) character file.

Game seed: 17754311144942576791

354 Borgoz the Cudgeller (level 6, -4/52 HPs)
             Began as a Ghoul Gladiator on Jan 13, 2021.
             Slain by emiel's ghost (10 damage)
             ... on level 3 of the Dungeon.
             The game lasted 00:04:10 (3829 turns).

Borgoz the Cudgeller (Ghoul Gladiator)              Turns: 3829, Time: 00:04:10

Health: -4/52      AC:  4    Str: 18    XL:     6   Next: 63%
Magic:  5/5        EV: 13    Int:  3    God:
Gold:   119        SH:  0    Dex: 12    Spells: 5/5 levels left

rFire    . . .     SeeInvis .   e - +0 mace of Vudownor {venom, +Blink} (curse)
rCold    + . .     Faith    .   (no shield)
rNeg     + + +     Spirit   .   b - +0 leather armour
rPois    ∞         Reflect  .   c - +0 helmet
rElec    .         Harm     .   (no cloak)
rCorr    +         Rampage  .   (no gloves)
Will     .....                  (no boots)
Stlth    +.........             (no amulet)
HPRegen  0.00/turn              f - ring of resist corrosion
MPRegen  0.09/turn              (no ring)

@: brilliant
A: claws 1, cold resistance 1, negative energy resistance 3, inhibited
regeneration, torment resistance, unbreathing
a: Evoke Blink


You were on level 3 of the Dungeon.
You visited 1 branch of the dungeon, and saw 3 of its levels.

You collected 119 gold pieces.

Inventory:

Hand Weapons
 a - a +0 flail
 e - the cursed +0 mace of Vudownor (weapon) {venom, +Blink}
   (You took it off an orc on level 3 of the Dungeon)

   It poisons the flesh of those it strikes.
   It lets you blink.
   It has a curse placed upon it.
 g - a +0 vampiric whip
 j - a +2 whip of venom
Missiles
 d - 3 throwing nets (quivered)
Armour
 b - a +0 leather armour (worn)
 c - a +0 helmet (worn)
 i - a +3 leather armour
 p - a +0 helmet
Jewellery
 f - a ring of resist corrosion (left claw)
Scrolls
 h - 2 scrolls of noise {unknown}
 k - 2 scrolls of teleportation
 n - a scroll of enchant armour {unknown}
Potions
 l - a potion of haste
 o - a potion of curing {unknown}


   Skills:
 + Level 3.6 Fighting
 * Level 4.3 Maces & Flails
 - Level 1.7 Throwing
 + Level 2.2 Armour
 * Level 4.2 Dodging


You had 5 spell levels left.
You didn't know any spells.
Your spell library was empty.

Dungeon Overview and Level Annotations

Branches:
Dungeon (3/15)

Altars:
Kikubaaqudgha
Makhleb
Qazlal
Beogh

Annotations:
D:3 emiel's ghost, amateur NaFi


Innate Abilities, Weirdness & Mutations

You thrive by killing the living.
You are immune to poison.
You have sharp fingernails.
Your flesh is cold resistant. (rC+)
You are immune to negative energy. (rN+++)
You do not regenerate when monsters are visible.
You are immune to unholy pain and torment.
You can survive without breathing.


Message History

Emiel's ghost is severely damaged.
Emiel's ghost hits you!
* * * LOW HITPOINT WARNING * * *
You hit emiel's ghost.
Emiel's ghost is severely damaged.
It was a potion of berserk rage.
You cannot raise a blood rage in your lifeless body.
Emiel's ghost closely misses you.
Your extra speed is starting to run out.
You see here a glowing leather armour.
i - a glowing leather armour You see here a helmet.
p - a helmet You feel yourself slow down.
There is an open translucent gate here.
You aren't carrying any items that you can evoke.
It was a potion of brilliance.
You feel clever all of a sudden. Emiel's ghost hits you!
You die...

........# #8#########.# #.
######### #.#.....8##.# #.
#.#..##..##.######.
#.#..#8..##........ ####
#.#..##..##.##.###. ...##
#.#.#....##.##.# #. ....##
##.'.#....##.##.# #. .....##
#..'.#.8._##.##.# #. ......#
#..@.#....##.##.###. ......#
#..#W#....##.##.#... ).....#
#..#..##..##.##.#.##
.....#########..#..#8..#(....#.#
)...####.....)..#..##..#..####.#
............###.#.....8#..# #.#
#)######....#
#8########..####.## #.# ##.#.#
##########.........
..#######.#.#
#................##


You could see emiel's ghost.

Vanquished Creatures
  Grinder (D:3)
  4 adders
  An ooze (D:1)
  3 worms
  2 dart slugs
  2 leopard geckos
  13 orcs (D:3)
  8 bats
  4 giant cockroaches
  7 goblins
  13 hobgoblins
  9 jackals
  A quokka (D:2)
  A frilled lizard (D:3)
  11 kobolds
  10 rats
90 creatures vanquished.

Vanquished Creatures (others)
  2 plants (D:2)
2 creatures vanquished.

Grand Total: 92 creatures vanquished

Notes
Turn   | Place    | Note
-------+----------+-------------------------------------------
     0 | D:1      | Borgoz the Ghoul Gladiator began the quest for the Orb.
     0 | D:1      | Reached XP level 1. HP: 17/17 MP: 0/0
    89 | D:1      | Reached XP level 2. HP: 18/25 MP: 1/1
   724 | D:1      | Reached skill level 1 in Armour
   724 | D:1      | Reached XP level 3. HP: 27/30 MP: 2/2
  1549 | D:2      | Reached XP level 4. HP: 25/37 MP: 3/3
  2062 | D:2      | Found an ancient bone altar of Kikubaaqudgha.
  2062 | D:2      | Found a stormy altar of Qazlal.
  2068 | D:2      | Found a burning altar of Makhleb.
  2345 | D:3      | Noticed Grinder
  2376 | D:3      | Paralysed by Grinder for 5 turns
  2383 | D:3      | Killed Grinder
  2384 | D:3      | Reached XP level 5. HP: 18/45 MP: 4/4
  2384 | D:3      | Reached XP level 6. HP: 20/51 MP: 5/5
  2988 | D:3      | Found a runed translucent gate.
  2988 | D:3      | Found a runed translucent gate.
  2988 | D:3      | Found a runed translucent gate.
  2988 | D:3      | Noticed emiel's ghost (amateur NaFi)
  2988 | D:3      | Identified the cursed +0 mace of Vudownor {venom, +Blink}
  2990 | D:3      | Found a roughly hewn altar of Beogh.
  3829 | D:3      | Slain by emiel's ghost

Illustrated notes

Levels and vault maps discovered:
D:1:      scummos_arrival_forest, layout_basic,
          hangedman_abyss_or_decor_lesser_grid
D:2:      layout_loops_cross, gammafunk_temple_overflow_forgotten
D:3:      layout_loops_ring, biasface_ghost_orc_armoury, uniq_grinder

Skill      XL: |  1  2  3  4 |
---------------+-------------+-----
Maces & Flails | 3 4 |  4.3
Armour         | 1 2 |  2.2
Dodging        | 3 4 |  4.2
Fighting       | 3 |  3.6
Throwing       | |  1.7

Action                   |  1- 3 |  4- 6 || total
-------------------------+-------+-------++-------
Melee: Flail             |   110 |     4 ||   114
       Whip              |    17 |   160 ||   177
       Mace              |       |    25 ||    25
  Use: Scroll            |       |     4 ||     4
       Potion            |       |     3 ||     3
 Stab: Sleeping          |       |     1 ||     1
Armor: Leather armour    |    43 |    31 ||    74
Dodge: Dodged            |   120 |   106 ||   226
